[Event "Titled Tuesday Blitz June 27 Late 2023"]
[White "Zhigalko, Sergei"]
[Black "Fernandez Guillen, Ernesto J."]
[WhiteFideId "13502956"]
[BlackFideId "3512428"]
[WhiteElo "2896"]
[BlackElo "2700"]
[Result "0-1"]
[Round "6"]
[TimeControl "180+2"]
[Date "2023.06.27"]
[WhiteClock "0:00:00"]
[BlackClock "0:00:08"]
[Board "21"]

1. e4 e5 2. Nf3 Nc6 3. Bc4 g6 4. O-O Bg7 5. c3 Nge7 6. d4 d6 7. h3 O-O 8. Re1 h6 9. dxe5 dxe5 10. Qe2 Qe8 11. Be3 b6 12. Nbd2 Kh7 13. Rad1 f5 14. exf5 gxf5 15. Nf1 e4 16. Nd4 Ne5 17. Ne6 Bxe6 18. Bxe6 Qg6 19. Bb3 Rae8 20. Bf4 Nf3+ 21. Kh1 Nxe1 22. Rxe1 c6 23. Ne3 Rd8 24. Bh2 Nd5 25. Nc4 Rfe8 26. Bc2 b5 27. Na5 Be5 28. g3 Bg7 29. g4 Kh8 30. Nb7 Rd7 31. Nc5 Rde7 32. gxf5 Qxf5 33. Bxe4 Qxh3 34. Rg1 Be5 35. f3 Nf4 36. Qd2 Rg7 37. Rxg7 Kxg7 38. Qd7+ Qxd7 39. Nxd7 Bd6 40. Bxf4 Bxf4 41. Nc5 Bd6 42. Nd3 Rc8 43. Kg2 Kf6 44. Kh3 c5 45. Nf2 h5 46. Nd1 Rg8 47. Ne3 Bf4 48. Nd5+ Ke5 49. Kh4 Rg2 50. Kxh5 Rxb2 51. a3 Ra2 52. a4 bxa4 53. Kg4 Rg2+ 54. Kh3 Rg3+ 55. Kh4 a3 56. Bb1 Rg1 57. Ba2 Rg2 58. Bc4 a2 59. Bxa2 Rxa2 60. c4 Rg2 61. Kh3 Rg3+ 62. Kh4 a5 63. Ne7 a4 64. Ng6+ Rxg6 65. Kh5 Kf5 0-1


[Site "https://www.chess.com"]

[Event "Titled Tuesday Blitz June 27 Late 2023"]
[White "Gokerkan, Cem Kaan"]
[Black "Ibarra Jerez, Jose Carlos"]
[WhiteFideId "6336760"]
[BlackFideId "2226332"]
[WhiteElo "2699"]
[BlackElo "2894"]
[Result "1-0"]
[Round "6"]
[TimeControl "180+2"]
[Date "2023.06.27"]
[WhiteClock "0:00:11"]
[BlackClock "0:00:00"]
[Board "22"]

1. e4 c5 2. Nf3 Nc6 3. Bb5 e6 4. O-O Nge7 5. b3 Nd4 6. Nxd4 cxd4 7. Bb2 a6 8. Bd3 Nc6 9. c3 Bc5 10. b4 Ba7 11. Na3 O-O 12. Nc2 Ne5 13. Qe2 dxc3 14. Bxc3 d6 15. Ne3 Bd7 16. a4 Qe8 17. Bc2 Rc8 18. Kh1 Nc6 19. Qd3 e5 20. b5 Nd4 21. bxa6 bxa6 22. Bd1 Bc5 23. Qxa6 Ra8 24. Qc4 Kh8 25. Nd5 Ra7 26. f4 Qc8 27. d3 f6 28. Rc1 Qe8 29. fxe5 fxe5 30. Bh5 g6 31. Nf6 Rxf6 32. Rxf6 Rxa4 33. Qf7 Qxf7 34. Rxf7 Be6 35. Re7 Bg8 36. Bxd4 Bxd4 37. Bg4 Ra8 38. Be6 Bc5 39. Bxg8 Kxg8 40. g3 Rf8 41. Kg2 Rf2+ 42. Kh3 h5 43. Rb1 Rf8 44. Rbb7 Rc8 45. Rec7 Rd8 46. Rd7 Rf8 47. Kh4 Re8 48. Kg5 d5 49. Kxg6 Re6+ 50. Kf5 Re8 51. exd5 1-0


[Site "https://www.chess.com"]

[Event "Titled Tuesday Blitz June 27 Late 2023"]
[White "Rustemov, Alexander"]
[Black "Harikrishnan.A.Ra"]
[WhiteFideId "4119002"]
[BlackFideId "5081483"]
[WhiteElo "2886"]
[BlackElo "2697"]
[Result "1-0"]
[Round "6"]
[TimeControl "180+2"]
[Date "2023.06.27"]
[WhiteClock "0:00:35"]
[BlackClock "0:00:00"]
[Board "23"]

1. d4 Nf6 2. c4 e6 3. Nf3 d5 4. Nc3 c6 5. e3 Nbd7 6. Qc2 Bd6 7. Bd2 O-O 8. O-O-O dxc4 9. Bxc4 b5 10. Bd3 a6 11. e4 e5 12. dxe5 Nxe5 13. Nxe5 Bxe5 14. f4 Bxc3 15. Bxc3 Qe7 16. Bd4 Rd8 17. Bc5 Qe6 18. Kb1 h6 19. Rhe1 Qe8 20. h3 Rb8 21. g4 Rb7 22. e5 Nd5 23. Qf2 Rbd7 24. Bd6 a5 25. Bf5 Rb7 26. Be4 b4 27. f5 Rb5 28. Bd3 Rb7 29. Qc5 Rbd7 30. Be4 Bb7 31. h4 Nf4 32. Qxa5 Ra8 33. Qxb4 c5 34. Qxc5 Ng2 35. Bxg2 Bxg2 36. e6 fxe6 37. fxe6 Qg6+ 38. Qf5 Qxf5+ 39. gxf5 Rda7 40. a3 Bh3 41. Re5 Ra6 42. Bb4 Re8 43. Bc3 Ra4 44. Rg1 Rf4 45. Rxg7+ Kxg7 46. Re4+ Kh7 47. Rxf4 1-0


[Site "https://www.chess.com"]

[Event "Titled Tuesday Blitz June 27 Late 2023"]
[White "Hansen, Eric"]
[Black "Papp, Levente"]
[WhiteFideId "2606771"]
[BlackFideId "751243"]
[WhiteElo "2880"]
[BlackElo "2675"]
[Result "1-0"]
[Round "6"]
[TimeControl "180+2"]
[Date "2023.06.27"]
[WhiteClock "0:00:12"]
[BlackClock "0:00:01"]
[Board "24"]

1. d4 e6 2. c4 d5 3. Nf3 Nf6 4. Nc3 h6 5. cxd5 exd5 6. Bf4 c6 7. e3 Bd6 8. Bd3 Bxf4 9. exf4 O-O 10. Ne5 Qb6 11. Qd2 Kh8 12. Ne2 Nbd7 13. O-O Ne4 14. Qc1 Ndf6 15. f3 Nd6 16. g4 Nb5 17. Qe3 Nc7 18. Rab1 Ne6 19. Rfc1 Qa5 20. a3 Qc7 21. h4 Ng8 22. f5 Nd8 23. Nf4 Qd6 24. Nh5 Bd7 25. Qf4 Qe7 26. g5 g6 27. f6 Qe6 28. Bxg6 Qh3 29. Ng7 Ne6 30. Nxe6 Bxe6 31. Bd3 Rac8 32. Kf2 Ne7 33. fxe7 Rg8 34. Qf6+ Rg7 35. Qxh6+ Kg8 36. Qh7+ Rxh7 37. Rh1 Rxh4 38. Rxh3 Rxh3 39. f4 Rxd3 40. Nxd3 Bf5 41. Rd1 Re8 42. Ne5 Rxe7 43. Rh1 Kg7 44. b4 Re8 45. Rh6 a5 46. Rf6 Be6 47. f5 axb4 48. axb4 Ra8 49. fxe6 fxe6 50. Rf7+ Kg8 51. g6 Ra2+ 52. Kf3 Ra1 53. Kg4 Rg1+ 54. Kh5 Rh1+ 55. Kg5 Rg1+ 56. Kf6 c5 57. bxc5 Rb1 58. Ng4 Rf1+ 59. Ke7 Rg1 60. Nf6+ 1-0


[Site "https://www.chess.com"]

[Event "Titled Tuesday Blitz June 27 Late 2023"]
[White "Holt, Conrad"]
[Black "De La Villa Garcia, Jesus Maria"]
[WhiteFideId "2034387"]
[BlackFideId "2200040"]
[WhiteElo "2879"]
[BlackElo "2654"]
[Result "1-0"]
[Round "6"]
[TimeControl "180+2"]
[Date "2023.06.27"]
[WhiteClock "0:00:46"]
[BlackClock "0:00:00"]
[Board "25"]

1. d4 Nf6 2. c4 e6 3. Nc3 Bb4 4. Qc2 O-O 5. e4 d6 6. a3 Bxc3+ 7. bxc3 c5 8. e5 dxe5 9. dxe5 Nfd7 10. Nf3 Nc6 11. Bf4 f6 12. Bd3 h6 13. exf6 Qxf6 14. Bd6 Rd8 15. Bc7 Rf8 16. O-O Nde5 17. Nxe5 Nxe5 18. Bh7+ Kh8 19. Bd6 Re8 20. Bxc5 Nxc4 21. Bd3 Nb6 22. Bg6 Rg8 23. f4 Bd7 24. Bd4 Qe7 25. Rae1 Nd5 26. f5 Raf8 27. Qe4 Qg5 28. h4 Qg3 29. Be5 1-0


[Site "https://www.chess.com"]

[Event "Titled Tuesday Blitz June 27 Late 2023"]
[White "Andrej2004"]
[Black "Erdogmus, Yagiz Kaan"]
[BlackFideId "44599790"]
[WhiteElo "2642"]
[BlackElo "2871"]
[Result "0-1"]
[Round "6"]
[TimeControl "180+2"]
[Date "2023.06.27"]
[WhiteClock "0:00:49"]
[BlackClock "0:00:27"]
[Board "26"]

1. Nf3 d5 2. b3 b6 3. Bb2 Bb7 4. g3 e6 5. Bg2 Nf6 6. O-O Nbd7 7. d3 c5 8. Nbd2 Be7 9. Re1 d4 10. e3 dxe3 11. Rxe3 O-O 12. Nc4 Rc8 13. Re1 Qc7 14. Qe2 Bc6 15. Nce5 Nxe5 16. Bxe5 Qb7 17. Nh4 Bxg2 18. Nxg2 Nd7 19. Bb2 Bf6 20. Bxf6 Nxf6 21. a4 Rfd8 22. Ne3 h5 23. Ng2 Rd4 24. h4 Rcd8 25. a5 b5 26. a6 Qc6 27. Qe5 Ng4 28. Qe2 R8d5 29. Qf3 Qd6 30. Nf4 Rf5 31. Ra5 Rdxf4 32. gxf4 Rxf4 33. Qg3 Nxf2 34. Kh2 Rxh4+ 35. Kg2 Rg4 36. Qxg4 Nxg4 37. Rxb5 Qh2+ 38. Kf3 Qf2+ 39. Ke4 Qf5# 0-1


[Site "https://www.chess.com"]

[Event "Titled Tuesday Blitz June 27 Late 2023"]
[White "D`Arruda, Ricardo D."]
[Black "Krzyzanowski, Marcin"]
[WhiteFideId "100692"]
[BlackFideId "1132199"]
[WhiteElo "2559"]
[BlackElo "2844"]
[Result "0-1"]
[Round "6"]
[TimeControl "180+2"]
[Date "2023.06.27"]
[WhiteClock "0:00:00"]
[BlackClock "0:00:05"]
[Board "27"]

1. Nf3 Nf6 2. d4 g6 3. Nc3 d5 4. Bg5 Bg7 5. Bxf6 exf6 6. e3 O-O 7. h4 h5 8. Ne2 c5 9. dxc5 Qa5+ 10. c3 Qxc5 11. Nf4 Rd8 12. Qb3 Nc6 13. O-O-O Ne7 14. Kb1 a5 15. a4 Bg4 16. Bd3 Nc6 17. Rd2 Ne5 18. Be2 Nc4 19. Rxd5 Rxd5 20. Nxd5 Bxf3 21. Bxc4 Bxg2 22. Rg1 Be4+ 23. Ka1 Rc8 24. Nb6 Rc7 25. Rd1 Bf8 26. Rd7 Rxd7 27. Nxd7 Qe7 28. Nxf8 Kxf8 29. Bd5 Kg7 30. Bc4 g5 31. hxg5 fxg5 32. Qd1 h4 33. Qd4+ Kg6 34. Bd3 Bxd3 35. Qxd3+ f5 36. Qf1 g4 37. Qg2 h3 38. Qg3 Qd7 39. e4 Qxa4+ 40. Kb1 Qxe4+ 41. Ka1 Qa4+ 42. Kb1 Qc6 43. Qh4 Qe4+ 44. Ka2 Qa4+ 45. Kb1 Qc6 46. Qh8 Qe6 47. Qh4 f4 48. Qh8 Qe4+ 49. Ka2 Qa4+ 50. Kb1 Qd1+ 51. Ka2 Qd5+ 52. Kb1 Qe4+ 53. Ka2 Qe6+ 54. Kb1 g3 55. fxg3 fxg3 56. Qh4 Qf5+ 57. Ka2 g2 58. Qg3+ Kh5 59. Qg8 Qg6 60. Qd5+ Kh4 61. Qd4+ Qg4 62. Qf6+ Kg3 63. Qe5+ Kf2 64. Qc5+ Kf1 65. Qb5+ Kg1 66. Qc5+ Kh1 67. Qd5 h2 68. Qxb7 Qa4+ 69. Kb1 Qd1+ 70. Ka2 Qe2 71. Ka3 Kg1 72. Qb6+ Qf2 0-1


[Site "https://www.chess.com"]

[Event "Titled Tuesday Blitz June 27 Late 2023"]
[White "Milikow, Yoav"]
[Black "Oparin, Grigoriy"]
[WhiteFideId "2822237"]
[BlackFideId "24125890"]
[WhiteElo "2768"]
[BlackElo "3003"]
[Result "1-0"]
[Round "6"]
[TimeControl "180+2"]
[Date "2023.06.27"]
[WhiteClock "0:00:09"]
[BlackClock "0:00:10"]
[Board "28"]

1. d4 Nf6 2. c4 e6 3. Nc3 Bb4 4. Qc2 d5 5. a3 Bxc3+ 6. Qxc3 dxc4 7. Qxc4 b6 8. Nf3 Ba6 9. Qa4+ Qd7 10. Qxd7+ Nbxd7 11. Bf4 c5 12. e3 Bxf1 13. Rxf1 Ke7 14. Ke2 Nh5 15. Be5 f6 16. Bg3 Nxg3+ 17. hxg3 Rac8 18. Rac1 g6 19. Rfd1 Rc6 20. Rh1 a5 21. a4 h6 22. Nd2 h5 23. g4 h4 24. g3 h3 25. Ne4 Rcc8 26. Rc3 h2 27. dxc5 Nxc5 28. Nxc5 Rxc5 29. Rb3 Rc4 30. Rxb6 Rxg4 31. b3 f5 32. Kf3 Rb4 33. Rxb4 axb4 34. Kg2 Rc8 35. Kxh2 Rc3 36. Rb1 Kd6 37. Kg2 e5 38. Kf3 Kd5 39. g4 Rc2 40. gxf5 gxf5 41. Rd1+ Kc5 42. Rd8 Rb2 43. Rc8+ Kd5 44. Rd8+ Ke6 45. Rb8 Rxb3 46. a5 Ra3 47. Rxb4 Rxa5 48. Rb6+ Kd5 49. Rf6 e4+ 50. Kf4 Kc4 51. Rxf5 Ra2 52. Kxe4 Ra8 53. Kf3 Re8 54. Rf4+ Kd3 55. Rd4+ Kc3 56. Re4 Rf8+ 57. Rf4 Rd8 58. Kg2 Kd3 59. Kg3 Rg8+ 60. Kf3 Re8 61. Rd4+ Kc3 62. Ke2 Re7 63. Rd3+ Kc4 64. Rd8 Kc5 65. f4 Kc6 66. Kf3 Kc7 67. Rd4 Rh7 68. Rd2 Rh3+ 69. Ke4 Rh7 70. f5 Rh4+ 71. Ke5 1-0


[Site "https://www.chess.com"]

[Event "Titled Tuesday Blitz June 27 Late 2023"]
[White "Wieczorek, Oskar"]
[Black "Salem, A.R. Saleh"]
[WhiteFideId "1133950"]
[BlackFideId "9301348"]
[WhiteElo "2732"]
[BlackElo "2983"]
[Result "0-1"]
[Round "6"]
[TimeControl "180+2"]
[Date "2023.06.27"]
[WhiteClock "0:01:48"]
[BlackClock "0:02:45"]
[Board "29"]

1. e4 c6 2. d4 d5 3. Nd2 dxe4 4. Nxe4 Nf6 5. Nxf6+ exf6 6. Be2 Bd6 7. Bf3 O-O 8. Ne2 Re8 9. O-O Qc7 10. h3 a5 11. c4 Na6 12. Be3 Bf5 13. Rc1 Rad8 14. Qb3 Qc8 15. Ng3 a4 0-1


[Site "https://www.chess.com"]

[Event "Titled Tuesday Blitz June 27 Late 2023"]
[White "Antipov, Mikhail Al."]
[Black "Pakleza, Zbigniew"]
[WhiteFideId "4107012"]
[BlackFideId "1119290"]
[WhiteElo "2909"]
[BlackElo "2722"]
[Result "1-0"]
[Round "6"]
[TimeControl "180+2"]
[Date "2023.06.27"]
[WhiteClock "0:01:43"]
[BlackClock "0:00:49"]
[Board "30"]

1. e4 d6 2. d4 Nf6 3. Nc3 c6 4. f4 Qb6 5. e5 Nd5 6. Nxd5 cxd5 7. Bd3 Nc6 8. c3 g6 9. Nf3 Bf5 10. O-O e6 11. Rf2 Be7 12. Be3 O-O-O 13. b4 Kb8 14. Bf1 Rc8 15. a4 f6 16. a5 Qd8 17. b5 Nxa5 18. Rfa2 b6 19. Bd2 Qd7 20. c4 Nxc4 21. Rxa7 Qxa7 22. Rxa7 Kxa7 23. Qa1+ Kb8 24. Bb4 Na5 25. Bxa5 bxa5 26. Qxa5 Bd8 27. b6 1-0


[Site "https://www.chess.com"]

[Event "Titled Tuesday Blitz June 27 Late 2023"]
[White "Lamard, Guillaume"]
[Black "Dardha, Daniel"]
[WhiteFideId "600261"]
[BlackFideId "240990"]
[WhiteElo "2649"]
[BlackElo "2896"]
[Result "0-1"]
[Round "6"]
[TimeControl "180+2"]
[Date "2023.06.27"]
[WhiteClock "0:00:05"]
[BlackClock "0:00:06"]
[Board "31"]

1. d4 Nf6 2. c4 c5 3. d5 a6 4. Qc2 b5 5. e4 d6 6. Nf3 g6 7. b3 Bg7 8. Bb2 O-O 9. Bd3 e5 10. Nbd2 b4 11. a3 Nbd7 12. O-O a5 13. g3 Ng4 14. h3 Nh6 15. Nh4 Nb6 16. axb4 axb4 17. Rxa8 Nxa8 18. Kg2 f5 19. exf5 gxf5 20. f4 e4 21. Be2 Bd7 22. Ra1 Nb6 23. Bxg7 Kxg7 24. Qb2+ Kg8 25. Nf1 Qe7 26. Ra6 Nc8 27. Ne3 Qg7 28. Qxg7+ Kxg7 29. Bh5 Rf6 30. Ra8 Kf8 31. Rb8 Ke7 32. Rb7 Kd8 33. g4 fxg4 34. hxg4 Rxf4 35. Kg3 Rf8 36. g5 Nf7 37. Bg4 Bxg4 38. Kxg4 Ne5+ 39. Kh5 Rf7 40. Rxf7 Nxf7 41. g6 hxg6+ 42. Kxg6 Ne5+ 43. Kf5 Nd3 44. Nc2 e3 45. Ke4 Nc1 46. Na1 e2 47. Nf3 Ne7 48. Ke3 Nf5+ 49. Kd2 Nd4 50. Nxd4 cxd4 51. Nc2 d3 52. Nxb4 Nxb3+ 53. Ke1 Nc5 54. Kd2 Ke7 55. Na2 Kf6 56. Nc3 Ke5 57. Nb5 Ne4+ 58. Ke1 Kf4 59. Nxd6 Nxd6 60. c5 Ne4 61. c6 Ke3 62. d6 d2# 0-1


[Site "https://www.chess.com"]

[Event "Titled Tuesday Blitz June 27 Late 2023"]
[White "Cuenca Jimenez, Jose Fernando"]
[Black "Licznerski, Lukasz"]
[WhiteFideId "2255570"]
[BlackFideId "1179250"]
[WhiteElo "2682"]
[BlackElo "2861"]
[Result "1-0"]
[Round "6"]
[TimeControl "180+2"]
[Date "2023.06.27"]
[WhiteClock "0:02:10"]
[BlackClock "0:00:00"]
[Board "32"]

1. c4 Nf6 2. Nc3 d5 3. cxd5 Nxd5 4. Nf3 g6 5. e4 Nxc3 6. dxc3 Qxd1+ 7. Kxd1 Nc6 8. Kc2 Bd7 9. Be3 O-O-O 10. Nd2 h5 11. f3 Bh6 12. Bxh6 Rxh6 13. b4 h4 14. Nc4 Be6 15. Be2 g5 16. Ne3 Ne5 17. a4 Ng6 18. Rhd1 Rd6 19. c4 Rh8 20. c5 Rdd8 21. Rxd8+ Rxd8 22. Rd1 Rh8 23. b5 c6 24. Kc3 Kc7 25. Rb1 Ne5 26. b6+ Kb8 27. a5 Nd7 28. Kb4 f6 29. Rd1 a6 30. Bc4 1-0


[Site "https://www.chess.com"]

[Event "Titled Tuesday Blitz June 27 Late 2023"]
[White "Mekhitarian, Krikor Sevag"]
[Black "Domingo Nunez, Ruben"]
[WhiteFideId "2107660"]
[BlackFideId "22245570"]
[WhiteElo "2860"]
[BlackElo "2571"]
[Result "1-0"]
[Round "6"]
[TimeControl "180+2"]
[Date "2023.06.27"]
[WhiteClock "0:00:04"]
[BlackClock "0:00:04"]
[Board "33"]

1. Nf3 a6 2. e4 h6 3. d4 g6 4. Bd3 Bg7 5. O-O d6 6. Re1 b5 7. a4 b4 8. c3 bxc3 9. bxc3 Nc6 10. a5 e5 11. d5 Nce7 12. c4 Nf6 13. Nc3 O-O 14. c5 Ne8 15. Ba3 f5 16. Nd2 dxc5 17. Bxc5 Nd6 18. Nc4 fxe4 19. Nxe4 Nef5 20. Rb1 Rf7 21. Qc2 Nb5 22. Qa2 Qxd5 23. Rbd1 Be6 24. Qa4 Nfd4 25. Bb4 Rd8 26. Qa1 Qc6 27. Rc1 Nb3 28. Qb1 Nxc1 29. Rxc1 Qd5 30. Bf1 Bf5 31. Re1 Qd4 32. Qc2 Bxe4 33. Rxe4 Qd1 34. Qa2 Nd4 35. Ne3 Qb3 36. Qxb3 Nxb3 37. Bxa6 Nd2 38. Bxd2 Rxd2 39. Bc4 Rb2 40. g3 Kf8 41. Bxf7 Kxf7 42. Ra4 Rb7 43. a6 Ra7 44. Nd5 Ke6 45. Nc3 c6 46. Ne4 Kd5 47. Kf1 c5 48. Nc3+ Kc6 49. Ke2 Kb6 50. Nd5+ Kb5 51. Ra2 Kc6 52. Ne3 Kb5 53. Nd5 Kc6 54. Nc3 e4 55. Nxe4 Kb5 56. Nd6+ Kc6 57. Nc4 Kb5 58. Kd3 Rd7+ 59. Ke4 Ra7 60. Nd6+ Kc6 61. Nc4 Kb5 62. Kd3 Rd7+ 63. Kc2 Ra7 64. Nd6+ Kc6 65. Ne4 Kb5 66. Nd6+ Kc6 67. Ne8 Be5 68. f4 Bd4 69. Kd3 Kd5 70. Nc7+ Kc6 71. Ne8 Kd5 72. Nc7+ Kc6 73. Ne6 Bf6 74. Kc4 Kd6 75. Nxc5 Rc7 76. Ra5 Rxc5+ 77. Rxc5 1-0


[Site "https://www.chess.com"]

[Event "Titled Tuesday Blitz June 27 Late 2023"]
[White "JackRodgers"]
[Black "Hamidi, Amir Mohammad"]
[BlackFideId "12563285"]
[WhiteElo "2556"]
[BlackElo "2829"]
[Result "1-0"]
[Round "6"]
[TimeControl "180+2"]
[Date "2023.06.27"]
[WhiteClock "0:00:48"]
[BlackClock "0:01:55"]
[Board "34"]

1. d4 Nf6 2. Bg5 d5 3. Bxf6 exf6 4. e3 Bd6 5. g3 O-O 6. Bg2 c6 7. Ne2 f5 8. b3 Nd7 9. c4 dxc4 10. bxc4 Nf6 11. c5 Bc7 12. O-O Qe7 13. Nd2 Rd8 14. Qc2 g6 15. Rab1 Rb8 16. Nc4 Nd5 17. Rfe1 Be6 18. Nf4 Nxf4 19. gxf4 g5 20. fxg5 Qxg5 21. f4 Qh6 22. Kh1 Kh8 23. Rg1 Rg8 24. Ne5 Qf6 25. Bf3 Rg6 26. Nxg6+ hxg6 27. Qg2 Bd8 28. Bxc6 Bxa2 29. Rxb7 Rxb7 30. Bxb7 Be6 31. d5 Bd7 32. c6 Be8 33. Rc1 Qd6 34. Qd2 Bc7 35. Qd4+ Kg8 36. Kg2 a5 37. Bc8 Qa3 38. Qc3 Qd6 39. Qd3 a4 40. Bd7 Bxd7 41. cxd7 Qxd7 42. Qc4 Bd6 43. Qc8+ Qxc8 44. Rxc8+ Kg7 45. Rd8 Be7 46. Rd7 Kf6 47. d6 Bf8 48. Rd8 1-0


[Site "https://www.chess.com"]

[Event "Titled Tuesday Blitz June 27 Late 2023"]
[White "Droin, Augustin"]
[Black "Perez Ponsa, Federico"]
[WhiteFideId "45105987"]
[BlackFideId "117927"]
[WhiteElo "2568"]
[BlackElo "2799"]
[Result "0-1"]
[Round "6"]
[TimeControl "180+2"]
[Date "2023.06.27"]
[WhiteClock "0:00:00"]
[BlackClock "0:01:28"]
[Board "35"]

1. e4 c5 2. Nf3 d6 3. d4 cxd4 4. Nxd4 Nf6 5. Nc3 a6 6. Rg1 h5 7. f3 b5 8. Be3 e5 9. Nb3 Nbd7 10. Qd2 Nb6 11. O-O-O Be6 12. a3 Rc8 13. Kb1 Be7 14. Be2 Na4 15. Nxa4 bxa4 16. Na5 O-O 17. Nb7 Qc7 18. Bxa6 Rb8 19. Na5 d5 20. exd5 Nxd5 21. Nc4 Qc6 22. Nxe5 Qxa6 23. Bd4 Bxa3 24. c4 Bb4 25. Qg5 f6 26. Qg6 Nf4 0-1


[Site "https://www.chess.com"]

[Event "Titled Tuesday Blitz June 27 Late 2023"]
[White "Leitao, Rafael"]
[Black "Jimenez Almeida, Luis David"]
[WhiteFideId "2101246"]
[BlackFideId "22242244"]
[WhiteElo "2787"]
[BlackElo "2553"]
[Result "1-0"]
[Round "6"]
[TimeControl "180+2"]
[Date "2023.06.27"]
[WhiteClock "0:00:07"]
[BlackClock "0:00:07"]
[Board "36"]

1. c4 g6 2. g3 Bg7 3. Bg2 f5 4. Nf3 Nf6 5. Nc3 d6 6. d3 O-O 7. O-O Nc6 8. e4 e5 9. exf5 Bxf5 10. d4 Nd7 11. Bg5 Qb8 12. d5 Nd4 13. Nxd4 exd4 14. Nb5 h6 15. Bc1 Nb6 16. Nxd4 Nxc4 17. Nxf5 gxf5 18. Qc2 b5 19. Bh3 Qc8 20. Re1 Ne5 21. Bg2 Qd7 22. Bd2 a5 23. Rac1 Rf7 24. h3 Re8 25. b3 b4 26. f4 Ng6 27. Qc6 Rxe1+ 28. Rxe1 Qxc6 29. dxc6 Re7 30. Kf1 Bd4 31. Rxe7 Nxe7 32. Ke2 Kf7 33. Kd3 Bf2 34. g4 Ke6 35. Kc4 fxg4 36. hxg4 d5+ 37. Kb5 Kd6 38. Kxa5 Nxc6+ 39. Ka6 Bd4 40. f5 Bc3 41. Bxh6 Ne5 42. Bf4 d4 43. g5 d3 44. g6 d2 45. Bf3 Ke7 46. Bd1 Kf6 47. Kb7 c5 48. Kb6 c4 49. Bxe5+ Bxe5 50. bxc4 Kxf5 51. c5 Bd4 52. Kb5 Kxg6 53. Kxb4 Kf7 54. Kc4 Be3 55. Kd5 Ke7 56. Kc6 Kd8 57. Bg4 Bf4 58. a4 d1=Q 59. Bxd1 Bd2 60. Kb7 Ba5 61. c6 Bc7 62. Be2 Ba5 63. Bd1 Bc7 64. Ka6 Kc8 65. a5 Kb8 66. Kb5 Bd6 67. a6 Bc7 68. Be2 Ka7 69. Kc5 Kb8 70. Kd5 Kc8 71. Ke6 Bb6 72. Kd6 Kd8 73. a7 Bxa7 74. c7+ Kc8 75. Ba6# 1-0


[Site "https://www.chess.com"]

[Event "Titled Tuesday Blitz June 27 Late 2023"]
[White "Rangel, Daniel"]
[Black "Tsaruk, Maksim"]
[WhiteFideId "2124475"]
[BlackFideId "13511173"]
[WhiteElo "2454"]
[BlackElo "2784"]
[Result "1-0"]
[Round "6"]
[TimeControl "180+2"]
[Date "2023.06.27"]
[WhiteClock "0:00:47"]
[BlackClock "0:00:05"]
[Board "37"]

1. c4 f5 2. g3 Nf6 3. Bg2 e5 4. Nc3 g6 5. e3 Bg7 6. Nge2 O-O 7. O-O d6 8. d3 Nc6 9. b3 a5 10. a3 g5 11. f4 exf4 12. gxf4 g4 13. Bb2 h5 14. Nd5 h4 15. Nxf6+ Bxf6 16. Bd5+ Kg7 17. Qd2 Ne7 18. Bxf6+ Rxf6 19. Bh1 Ng6 20. Nc3 c6 21. e4 Bd7 22. Rae1 Qb6+ 23. d4 Re8 24. e5 dxe5 25. fxe5 Rxe5 26. c5 Rxe1 27. cxb6 Ree6 28. d5 Rd6 29. Qd4 cxd5 30. Nxd5 Bc6 31. Qxf6+ Rxf6 32. Nxf6 Bxh1 33. Ne8+ Kf7 34. Kxh1 Kxe8 35. Rxf5 g3 36. hxg3 hxg3 37. Rxa5 Kd7 38. Rc5 Nf4 39. Rc7+ Kd6 40. Rxb7 Kc6 41. Rg7 g2+ 42. Rxg2 1-0


[Site "https://www.chess.com"]

[Event "Titled Tuesday Blitz June 27 Late 2023"]
[White "He, Anthony"]
[Black "Tologon tegin, Semetei"]
[WhiteFideId "2088215"]
[BlackFideId "13800574"]
[WhiteElo "2983"]
[BlackElo "2548"]
[Result "1-0"]
[Round "6"]
[TimeControl "180+2"]
[Date "2023.06.27"]
[WhiteClock "0:01:34"]
[BlackClock "0:00:00"]
[Board "38"]

1. e4 e6 2. d4 b6 3. Nf3 Bb7 4. Bd3 Nf6 5. e5 Ne4 6. Qe2 f5 7. exf6 Nxf6 8. O-O Be7 9. Nc3 O-O 10. Bg5 Nc6 11. Rae1 Nb4 12. Bxf6 Bxf6 13. Be4 Bxe4 14. Nxe4 Nd5 15. c3 Qe8 16. Qb5 c6 17. Qd3 Qg6 18. Nxf6+ Qxf6 19. Ne5 Rad8 20. Re4 Nf4 21. Qg3 Qf5 22. Rfe1 c5 23. Ng4 Kh8 24. Re5 Qc2 25. dxc5 Nd3 26. R5e2 Qa4 27. Qxd3 Qxg4 28. cxb6 axb6 29. h3 Qh4 30. Qd6 b5 31. Rd1 Rf5 32. Rd4 Qf6 33. Rxe6 Qg5 34. Qxd7 Rdf8 35. Re8 Rxf2 36. Rxf8+ Rxf8 37. Qd6 Qf5 38. Kh2 h6 39. Rd5 Qf1 40. Rd2 Re8 41. Qd4 Re1 42. Qd8+ Kh7 43. Qd3+ Qxd3 44. Rxd3 Re2 45. b4 Rxa2 46. Rd5 Rc2 47. Rc5 Kg6 48. Kg3 Kf6 49. Kf3 g5 50. g3 h5 51. h4 gxh4 52. gxh4 Kg6 53. Kf4 Rf2+ 54. Ke5 Rf3 55. Kd6 Rh3 56. Rxb5 Rxc3 57. Rd5 Rb3 58. Rd4 Kf5 59. Kc5 Ke5 60. Rc4 Rb1 61. b5 1-0


[Site "https://www.chess.com"]

[Event "Titled Tuesday Blitz June 27 Late 2023"]
[White "Xiong, Jeffery"]
[Black "Ballester Llagaria, Luis Eduardo"]
[WhiteFideId "2047640"]
[BlackFideId "2297620"]
[WhiteElo "2912"]
[BlackElo "2593"]
[Result "1-0"]
[Round "6"]
[TimeControl "180+2"]
[Date "2023.06.27"]
[WhiteClock "0:01:39"]
[BlackClock "0:00:08"]
[Board "39"]

1. e4 c5 2. Nf3 e6 3. c3 d5 4. e5 d4 5. g3 Nc6 6. Bg2 Nge7 7. O-O Ng6 8. Re1 Be7 9. d3 O-O 10. Na3 dxc3 11. bxc3 b6 12. h4 Re8 13. h5 Nf8 14. h6 g6 15. Nc4 Bb7 16. a4 a6 17. Rb1 b5 18. axb5 axb5 19. Rxb5 Ba6 20. Rb1 Na5 21. Nxa5 Qxa5 22. c4 Red8 23. Bg5 Qc7 24. Bxe7 Qxe7 25. Nd2 Rab8 26. Rxb8 Rxb8 27. Ne4 Nd7 28. Qf3 Bb7 29. Rb1 Bxe4 30. Rxb8+ Nxb8 31. Qxe4 Nd7 32. f4 f6 33. exf6 Nxf6 34. Qa8+ Kf7 35. Bf3 Qd6 36. Qa7+ Qd7 37. Qxd7+ Nxd7 38. Kf2 e5 39. Ke3 Kf6 40. Bg4 exf4+ 41. gxf4 Nb6 42. Ke4 Na4 43. Kd5 Nb2 44. Be2 Na4 45. Bg4 Nb2 46. d4 cxd4 47. Kxd4 g5 48. c5 gxf4 49. c6 Na4 50. c7 Nb6 51. Kc5 f3 52. Kxb6 f2 53. Bh3 1-0


[Site "https://www.chess.com"]

[Event "Titled Tuesday Blitz June 27 Late 2023"]
[White "Przybylski, Wojciech"]
[Black "Ter-Sahakyan, Samvel"]
[WhiteFideId "1117599"]
[BlackFideId "13302531"]
[WhiteElo "2586"]
[BlackElo "2891"]
[Result "0-1"]
[Round "6"]
[TimeControl "180+2"]
[Date "2023.06.27"]
[WhiteClock "0:00:05"]
[BlackClock "0:00:47"]
[Board "40"]

1. d4 Nf6 2. Nd2 d5 3. g3 c5 4. Ngf3 cxd4 5. Nxd4 e5 6. N4b3 a5 7. a4 Nc6 8. Bg2 h5 9. h3 Be6 10. O-O Qd7 11. Kh2 e4 12. e3 h4 13. g4 Bd6+ 14. Kg1 Nxg4 15. hxg4 h3 16. Bxe4 dxe4 17. Nxe4 Bd5 18. f3 Bxe4 19. fxe4 Ne5 20. Nd4 Nxg4 21. Nf5 Bh2+ 22. Kh1 Nf2+ 23. Kxh2 Nxd1 24. b3 Qc7+ 25. Kh1 Qxc2 26. Nxg7+ Kd8 27. Ba3 Qg2# 0-1


[Site "https://www.chess.com"]

[Event "Titled Tuesday Blitz June 27 Late 2023"]
[White "Miladinovic, Igor"]
[Black "Sargsyan, Anna M."]
[WhiteFideId "4203380"]
[BlackFideId "13308130"]
[WhiteElo "2856"]
[BlackElo "2582"]
[Result "0-1"]
[Round "6"]
[TimeControl "180+2"]
[Date "2023.06.27"]
[WhiteClock "0:00:12"]
[BlackClock "0:00:06"]
[Board "41"]

1. d4 d5 2. Bg5 Bf5 3. e3 c6 4. Nf3 Nd7 5. c4 Ngf6 6. Nc3 e6 7. Qb3 Qb6 8. c5 Qc7 9. Bf4 Qc8 10. h3 Be7 11. Qd1 O-O 12. Bd3 Re8 13. O-O h6 14. b4 Bd8 15. Rb1 a6 16. a4 Bc7 17. Bxc7 Qxc7 18. Qc2 Bxd3 19. Qxd3 e5 20. Nd2 e4 21. Qe2 Nh7 22. Rb3 Re6 23. b5 axb5 24. axb5 Rg6 25. f4 exf3 26. Nxf3 Re8 27. Qf2 Rge6 28. bxc6 bxc6 29. Rfb1 Qd8 30. Na4 Nhf6 31. Rb7 Ne4 32. Qh4 g5 33. Qg4 Qa5 34. Rxd7 Qxa4 35. Ne5 Qc2 36. Rf1 Nf6 37. Qf5 Qxf5 38. Rxf5 Nxd7 39. Nxd7 Kg7 40. Kh2 f6 41. Rf1 R8e7 42. Nb6 Rxe3 43. Nc8 Rc7 44. Nd6 Rd3 45. Re1 Kg6 46. Re8 Ra7 47. Rg8+ Rg7 48. Rc8 h5 49. Rxc6 g4 50. hxg4 hxg4 51. g3 Rd2+ 52. Kg1 Ra7 53. Ne8 Ra1# 0-1


[Site "https://www.chess.com"]